 Dungeon Crawl Stone Soup version 0.24.0-1-gfbc8707 (webtiles) character file.

Game seed: 18017561112342315697, levelgen mode: deterministic

44 Buxparty the Ruffian (level 3, 0/36 HPs)
             Began as a Troll Monk on Dec 27, 2019.
             Slain by an adder (5 damage)
             ... while paralysed
             ... on level 2 of the Dungeon.
             The game lasted 00:04:53 (1197 turns).

Buxparty the Ruffian (Troll Monk)                   Turns: 1197, Time: 00:04:53

Health: 0/36       AC:  6    Str: 20    XL:     3   Next: 41%
Magic:  0/2        EV:  1    Int:  6    God:
Gold:   35         SH:  0    Dex: 12    Spells: 2/2 levels left

rFire    . . .     SeeInvis .   e - +0 dagger (curse)
rCold    . . .     Gourm    +   (no shield)
rNeg     . . .     Faith    .   a - +0 robe
rPois    .         Spirit   +   (helmet restricted)
rElec    .         Reflect  .   (no cloak)
rCorr    .         Harm     .   (gloves unavailable)
MR       .....                  (boots unavailable)
Stlth    ++........             c - amulet of guardian spirit
HPRegen  0.52/turn              (no ring)
MPRegen  0.08/turn              (no ring)

@: paralysed, lethally poisoned (0 -> -1), fainting
A: large, unfitting armour, claws 3, fast metabolism 3, gourmand, regeneration
1, shaggy fur 1, tough skin 3
a: no special abilities


You were on level 2 of the Dungeon.
You were fainting.

You visited 1 branch of the dungeon, and saw 2 of its levels.

You collected 35 gold pieces.

Inventory:

Hand Weapons
 e - a cursed +0 dagger (weapon)
 g - a +3 short sword of venom
Armour
 a - a +0 robe (worn)
Jewellery
 c - an amulet of guardian spirit (around neck)
Wands
 i - a wand of paralysis (10)
Potions
 d - a potion of curing
 f - a potion of degeneration {unknown}
 h - 3 potions of flight {unknown}
Comestibles
 b - a ration


   Skills:
 + Level 2.9 Fighting
 + Level 0.4 Short Blades
 + Level 2.7 Dodging
 + Level 1.1 Stealth
 + Level 3.4 Unarmed Combat


You had 2 spell levels left.
You didn't know any spells.
Your spell library was empty.

Dungeon Overview and Level Annotations

Branches:
Dungeon (2/15)

Altars:


Innate Abilities, Weirdness & Mutations

You are too large for most types of armour.
You have claws for hands.
Your metabolism is lightning-fast.
You like to eat raw meat.
Your natural rate of healing is unusually fast.
You are covered in fur. (AC +1)
You have extremely tough skin. (AC +3)


Message History

You lose consciousness!
The adder bites you.
You are poisoned.
The adder poisons you! The adder bites you.
You feel sick. The adder bites you but does no damage. The adder bites you.
The adder completely misses you. The adder bites you.
You are more poisoned.
The adder poisons you! The adder bites you but does no damage.
You feel sick. The adder bites you but does no damage. The adder bites you.
* * * LOW HITPOINT WARNING * * *
The adder bites you.
* * * LOW HITPOINT WARNING * * *
The adder bites you but does no damage. The adder bites you.
* * * LOW HITPOINT WARNING * * *
You feel sick. The adder bites you but does no damage. The adder bites you.
* * * LOW HITPOINT WARNING * * *
You are more poisoned.
The adder poisons you! The adder bites you.
You die...

.................>g#
#.#.....####..####.#
#.#......# *,,*,,#.#
#.#.####.# *,,#,,#.#### ..#.#
#.###,.#,,#S...#
..#.####...#..#..####.#
...........÷..).....#.#
..............#####.#.#
...÷............@Sg.#g#
........#...#....Sg.#.#
..#.........#.#####g#g#
..########.##,#,* #.#.# ***
.......,,...,,,,* #.#S####.##
.......,,....,,,* #g#..$....#
....#...,,*,,,****#......#.##
........,,**,..K.......#.#,*
........,,**,.########.#.#,*


You could see 3 gnolls and 2 adders.

Vanquished Creatures
  An adder (D:2)
  A worm (D:2)
  A leopard gecko (D:1)
  A ball python (D:1)
  7 bats
  A giant cockroach (D:1)
  7 goblins
  3 hobgoblins
  A frilled lizard (D:1)
  3 kobolds
  5 rats
31 creatures vanquished.

Notes
Turn   | Place    | Note
-------+----------+-------------------------------------------
     0 | D:1      | Buxparty the Troll Monk began the quest for the Orb.
     0 | D:1      | Reached XP level 1. HP: 22/22 MP: 0/0
    10 | D:1      | Noticed an ogre
   181 | D:1      | Reached XP level 2. HP: 28/29 MP: 1/1
   806 | D:2      | Reached XP level 3. HP: 25/36 MP: 0/2
  1191 | D:2      | Paralysed by fainting for 10 turns
  1197 | D:2      | Slain by an adder

Levels and vault maps discovered:
D:1:      evilmike_arrival_come_back, layout_basic
D:2:      layout_basic, grunt_temple_overflow_order_and_chaos_2, led_sif_pool,
          minmay_misc_feat_tiny

Action                   || total
-------------------------++-------
Melee: Unarmed           ||    15
       Dagger            ||   119
  Use: Scroll            ||     3
 Stab: Sleeping          ||     3
  Eat: Ration            ||     1
       Chunk             ||     2
Armor: Robe              ||    83
Dodge: Dodged            ||   113
